 Dungeon Crawl Stone Soup version 0.27-a0-59-gfbafd837a3 (webtiles) character file.

Game seed: 2114582084644330666

70057 Borgoz the Severer (level 14, -32/204 HPs)
             Began as a Deep Dwarf Berserker on Jan 8, 2021.
             Was a High Priest of Trog.
             Annihilated by an orc knight
             ... wielding a +1 halberd
              (33 damage)
             ... on level 1 of the Orcish Mines.
             The game lasted 00:49:34 (19837 turns).

Borgoz the Severer (Deep Dwarf Berserker)          Turns: 19837, Time: 00:49:35

Health: -32/204    AC: 19    Str: 24    XL:     14   Next: 92%
Magic:  14/14      EV: 18    Int:  7    God:    Trog [*****.]
Gold:   51         SH:  5    Dex: 28    Spells: 13/13 levels left

rFire    + + +     SeeInvis +   a - +2 war axe (elec)
rCold    x . .     Faith    .   (no shield)
rNeg     + . .     Spirit   .   d - +0 plate armour "Daov" {Int+3} (curse)
rPois    .         Reflect  +   y - +0 hat {SInv}
rElec    +         Harm     .   M - scarf {rC+ rF+}
rCorr    .         Rampage  .   n - +0 pair of gloves of a bazaar {rElec Dex+7}
Will     ++...                  E - +0 pair of boots {Fly}
Stlth    ..........             f - amulet of reflection
HPRegen  0.00/turn              J - ring of Okawaru's Outrage {Fire Dex+3 Slay+3}
MPRegen  0.14/turn              G - ring of the Sun {Fire rElec Str+3 Int-5 Dex+2}

@: berserking, flying, non-regenerating, very quick
A: damage resistance, heal wounds, negative energy resistance 1, sense
surroundings 2, no regeneration
a: Heal Wounds, Stop Flying, Renounce Religion, Berserk, Trog's Hand, Brothers
in Arms


You were on level 1 of the Orcish Mines.
You worshipped Trog.
Trog was extremely pleased with you.
You visited 4 branches of the dungeon, and saw 20 of its levels.
You also visited: Sewer and Ice Cave.

You collected 1671 gold pieces.
You spent 1620 gold pieces at shops.

Inventory:

Hand Weapons
 a - a +2 war axe of electrocution (weapon)
 b - the +3 flail "Sohibe" {vamp, Will+ Dex+6}
   (You found it on level 7 of the Dungeon)

   It inflicts no extra harm, but heals its wielder when it wounds a living foe.
   It affects your dexterity (+6).
   It affects your willpower, your defense against some magical effects.
Missiles
 i - 2 throwing nets
Armour
 d - the cursed +0 plate armour "Daov" (worn) {Int+3}
   (You bought it in a shop on level 7 of the Dungeon)

   It affects your intelligence (+3).
   It has a curse placed upon it.
 n - the +0 pair of gloves of a bazaar (worn) {rElec Dex+7}
   (You acquired it on level 5 of the Dungeon)

   It affects your dexterity (+7).
   It insulates you from electricity.
 y - a +0 hat of see invisible (worn)
 A - the +8 ice dragon scales of Light {rF- rC++ Will+ Int+3}
   (You found it in an ice cave)

   It affects your intelligence (+3).
   It makes you vulnerable to fire.
   It greatly protects you from cold.
   It affects your willpower, your defense against some magical effects.
 E - a +0 pair of boots of flying (worn)
 L - the +1 scale mail of Sif Muna's Supremacy {rPois rCorr Int+4 Dex-2}
   (You found it on level 11 of the Dungeon)

   It affects your intelligence (+4).
   It affects your dexterity (-2).
   It protects you from poison.
   It provides partial protection from all sources of acid and corrosion.
 M - a scarf of resistance (worn)
Jewellery
 c - an uncursed ring of protection from fire
 f - an amulet of reflection (around neck)
 g - an uncursed ring of ice
 D - an uncursed ring of resist corrosion
 G - the ring of the Sun (right hand) {Fire rElec Str+3 Int-5 Dex+2}
   (You found it on level 6 of the Dungeon)

   [ring of fire]

   It enhances your fire magic.
   It affects your strength (+3).
   It affects your intelligence (-5).
   It affects your dexterity (+2).
   It protects you from fire.
   It makes you vulnerable to cold.
   It insulates you from electricity.
 J - the ring of Okawaru's Outrage (left hand) {Fire Dex+3 Slay+3}
   (You acquired it on level 4 of the Lair of Beasts)

   [ring of fire]

   It enhances your fire magic.
   It affects your dexterity (+3).
   It affects your accuracy and damage with ranged weapons and melee attacks
   (+3).
   It protects you from fire.
   It makes you vulnerable to cold.
Wands
 e - a wand of iceblast (7)
 j - a wand of disintegration (44)
 t - a wand of flame (16)
 u - a wand of paralysis (12)
 H - a wand of acid (32)
Scrolls
 h - 6 scrolls of fog
 k - 2 scrolls of silence
 o - 4 scrolls of identify
 p - 13 scrolls of teleportation
 q - 3 scrolls of blinking
 r - 5 scrolls of magic mapping
 K - 3 scrolls of fear
Potions
 m - 4 potions of haste
 v - 5 potions of ambrosia
 w - a potion of resistance
 x - a potion of invisibility
 z - 2 potions of berserk rage
 B - a potion of might
 N - a potion of cancellation
 R - a potion of heal wounds
 T - 4 potions of curing


   Skills:
 + Level 11.7 Fighting
 + Level 16.6 Axes
 + Level 13.4 Armour
 + Level 13.4 Dodging
 - Level 5.0 Evocations


You had 13 spell levels left.
You didn't know any spells.
Your spell library was empty.

Dungeon Overview and Level Annotations

Branches:
Dungeon (12/15)            Temple (1/1) D:6            Lair (6/6) D:10
 Shoals (0/4) Lair:4       Spider (0/4) Lair:4        Slime (0/5) Lair:5
    Orc (1/2) D:9           Sewer (visited)           IceCv (visited)

Altars:
Ashenzari
Cheibriados
Dithmenos
Elyvilon
Fedhas
Gozag
Hepliaklqana
Kikubaaqudgha
Makhleb
Nemelex Xobeh
Okawaru
Qazlal
Ru
Sif Muna
Trog
Uskayaw
Vehumet
Wu Jian
Xom
Yredelemnul
Zin
The Shining One

Shops:
D:7 ?([!   Orc:1 [?


Innate Abilities, Weirdness & Mutations

You are resistant to damage.
You can heal yourself by infusing magical energy.
You resist negative energy. (rN+)
You passively map the area around you.
You do not regenerate.


Message History

Trog accepts your kill.
The orc no longer looks unusually strong.
The orc high priest no longer looks unusually strong.
You barely miss the orc high priest.
The orc high priest is almost dead.
You hit the rust devil.
You hit the orc knight but do no damage.
The orc high priest closely misses you.
The orc knight hits you with a +1 halberd.
You hit the orc high priest.
The orc high priest is almost dead.
You hit the rust devil.
You hit the orc knight but do no damage.
The rust devil closely misses you.
You slash the orc knight!
The orc knight is severely wounded.
You completely miss the rust devil. You hit the orc high priest.
The orc high priest barely misses you.
The orc knight hits you with a +1 halberd!!
You die...

,, , , ,≈ , , , , , ,
.#..#. ≈≈ , , ,
##....### , ,, , ,
,..$ , ....... ,,
...#, ...... *, ,
....####∩oh4 * ,.
,...≈§≈5#oo# ≈≈§.. * ,
,#.≈≈.≈#4o# ,§≈$., * *
#≈§≈§#@o# ≈§§# *
##≈≈≈≈#).#≈≈§§# , * *
#........$.#, * , * *
##......#....$#*,, , ,
#########..####(.....#
, ##.#..#.....#
*........ * *
#..........##
....#...# *
..#...∩.#.##.#...##.##
##.##.))........#.#.
..#


You could see an orc knight (strong), an orc high priest, 2 rust devils, a warg,
an orc sorcerer (strong) and 2 orcs.

Vanquished Creatures
  The ghost of Illot the Black Belt, an adept MfTm of Makhleb (Lair:3)
  A fire dragon (Lair:6)
  Fannar (D:12)
  Harold (D:10)
  9 hydras
  2 two-headed ogres
  An alligator (Lair:6)
  A queen ant (Lair:2)
  The ghost of Arthanis the Arsonist, a journeyman DEFE of Vehumet (D:11)
  Urug (D:10)
  A swamp dragon (Lair:6)
  2 deep trolls (Orc:1)
  2 unseen horrors
  An orange crystal statue (Lair:2)
  2 orc knights (Orc:1)
  A wizard (D:10)
  11 oklob plants
  2 ugly things
  A moth of wrath (Lair:3)
  6 elephants
  A merfolk siren (Lair:4)
  2 ice statues (IceCv)
  3 centaur zombies (D:11)
  The ghost of Megustar the Arsonist, a novice DEFE (D:6)
  A gargoyle (D:10)
  6 black mambas
  14 cane toads
  A torpor snail (Lair:6)
  Maggie (D:10)
  12 komodo dragons
  6 ice devils (IceCv)
  4 rime drakes
  A queen bee (D:11)
  13 polar bears
  4 trolls
  4 raiju (Lair:6)
  A hornet (D:11)
  13 blink frogs
  A shadow (D:11)
  A tarantella (Lair:4)
  A wraith (D:10)
  2 wyverns
  6 basilisks
  38 yaks
  2 steam dragons (Lair:6)
  Edmund (D:5)
  6 wargs
  9 soldier ants (Lair:2)
  An acid dragon (Lair:6)
  Duvessa (D:4)
  2 swamp drakes (Lair:6)
  18 water moccasins
  13 hell hounds (Lair:6)
  5 orc warriors
  2 sky beasts
  6 ice beasts
  2 eyes of draining
  7 ogres
  16 black bears
  32 wolves
  5 centaurs
  3 big kobolds
  12 bullfrogs
  Dowan (D:4)
  3 scorpions
  5 killer bees (D:11)
  14 wights
  9 electric eels
  2 howler monkeys
  2 crimson imps
  4 bullfrog zombies
  3 hounds
  6 orc priests
  2 bullfrog skeletons
  A jelly (D:6)
  Crazy Yiuf (D:5)
  4 orc wizards
  2 centaur skeletons
  9 iguanas
  Ijyb (D:5)
  28 worker ants
  4 hound zombies (D:5)
  2 hound skeletons
  4 worker ant zombies
  14 gnolls
  12 adders
  A shadow imp (D:6)
  25 white imps
  12 ufetubi
  An ooze (D:1)
  6 adder skeletons
  4 adder zombies
  5 worms
  2 dart slugs (D:2)
  7 leopard geckos
  28 orcs
  2 ball pythons
  6 giant cockroaches
  16 hobgoblins
  23 jackals
  4 quokkas
  8 bats
  13 frilled lizards
  16 goblins
  A jackal skeleton (D:4)
  A jackal zombie (D:7)
  22 kobolds
  A leopard gecko simulacrum (D:6)
  A quokka simulacrum (D:6)
  A quokka skeleton (D:8)
  10 rats
  A bush (Lair:4)
678 creatures vanquished.

Vanquished Creatures (others)
  A reaper (IceCv)
  A steam dragon (Lair:6)
  An orc wizard (D:6)
  4 white imps (IceCv)
  3 ufetubi (IceCv)
  21 fungi
  101 plants
  4 withered plants (D:5)
136 creatures vanquished.

Grand Total: 814 creatures vanquished

Notes
Turn   | Place    | Note
-------+----------+-------------------------------------------
     0 | D:1      | Borgoz the Deep Dwarf Berserker began the quest for the
                  | Orb.
     0 | D:1      | Reached XP level 1. HP: 20/20 MP: 1/1
   154 | D:1      | Reached XP level 2. HP: 18/27 MP: 2/2
   210 | D:1      | Found an iron altar of Okawaru.
   384 | D:1      | Reached ** piety under Trog
   409 | D:1      | Reached XP level 3. HP: 11/34 MP: 3/3
   622 | D:1      | Reached skill level 4 in Axes
   866 | D:2      | Found a burning altar of Makhleb.
  1384 | D:2      | Reached XP level 4. HP: 28/42 MP: 4/4
  1584 | D:3      | Found a glowing drain.
  1590 | Sewer    | Entered a sewer
  1751 | Sewer    | Reached XP level 5. HP: 41/49 MP: 5/5
  2515 | D:3      | Reached skill level 5 in Axes
  2908 | D:4      | Reached XP level 6. HP: 36/57 MP: 6/6
  2988 | D:4      | Noticed Duvessa
  2989 | D:4      | Noticed Dowan
  3036 | D:4      | Killed Duvessa
  3037 | D:4      | Killed Dowan
  3038 | D:4      | Reached skill level 6 in Axes
  3140 | D:4      | Reached XP level 7. HP: 51/64 MP: 7/7
  4007 | D:5      | Entered Level 5 of the Dungeon
  4143 | D:5      | Found an ancient bone altar of Kikubaaqudgha.
  4143 | D:5      | Found a snail-covered altar of Cheibriados.
  4189 | D:5      | Noticed Edmund
  4241 | D:5      | Killed Edmund
  4242 | D:5      | Reached skill level 7 in Axes
  4380 | D:5      | Found a runed translucent door.
  4381 | D:5      | Noticed Crazy Yiuf
  4486 | D:5      | Identified a scroll of acquirement
  4487 | D:5      | Acquired the +0 pair of gloves of a bazaar {rElec Dex+7}
  4513 | D:5      | Reached skill level 5 in Armour
  4513 | D:5      | Reached skill level 5 in Dodging
  4513 | D:5      | Reached XP level 8. HP: 50/73 MP: 8/8
  4863 | D:5      | Reached skill level 5 in Fighting
  4921 | D:5      | Reached skill level 8 in Axes
  5085 | D:5      | Found a glowing golden altar of the Shining One.
  5087 | D:5      | Found a stormy altar of Qazlal.
  5185 | D:5      | Noticed Ijyb
  5225 | D:5      | Killed Ijyb
  5597 | D:5      | Killed Crazy Yiuf
  5916 | D:6      | Gained mutation: You passively map the area around you.
                  | [Deep Dwarf growth]
  5916 | D:6      | Reached XP level 9. HP: 51/81 MP: 9/9
  6007 | D:6      | Found a staircase to the Ecumenical Temple.
  6038 | D:6      | Reached skill level 9 in Axes
  6081 | Temple   | Entered the Ecumenical Temple
  6302 | D:6      | Noticed Megustar's ghost (novice DEFE)
  6304 | D:6      | Found a hazy altar of Hepliaklqana.
  6328 | D:6      | Found a runed translucent gate.
  6328 | D:6      | Found a runed translucent gate.
  6329 | D:6      | Found a runed translucent gate.
  6851 | D:6      | Killed Megustar's ghost
  6852 | D:6      | Reached skill level 10 in Axes
  6899 | D:6      | Got the ring of the Sun {Fire}
  6907 | D:6      | Identified the ring of the Sun {Fire rElec Str+3 Int-5
                  | Dex+2} (You found it on level 6 of the Dungeon)
  6987 | D:7      | Found Riept's Antique Armour Shoppe.
  7137 | D:7      | Found a glowing golden altar of the Shining One.
  7165 | D:7      | Found Xittaomi's Magic Scroll Shop.
  7269 | D:7      | Found Muapt's Weapon Emporium.
  7395 | D:7      | Got an iridescent flail
  7396 | D:7      | Identified the cursed +3 flail "Sohibe" {vamp, Will+ Dex+6}
                  | (You found it on level 7 of the Dungeon)
  7445 | D:7      | Found Xecoheg's Distillery.
  7683 | D:8      | Got a twisted dagger
  7684 | D:8      | Identified the +2 dagger of Joyful Slaughter {venom, Str+5
                  | Dex+2} (You found it on level 8 of the Dungeon)
  7821 | D:8      | Reached XP level 10. HP: 82/92 MP: 10/10
  8224 | D:9      | Reached *** piety under Trog
  8445 | D:9      | Found a staircase to the Orcish Mines.
  9019 | D:9      | Noticed a two-headed ogre
  9037 | D:9      | Killed a two-headed ogre
  9038 | D:9      | Reached skill level 11 in Axes
  9183 | D:10     | Entered Level 10 of the Dungeon
  9254 | D:10     | Noticed a two-headed ogre
  9280 | D:10     | Killed a two-headed ogre
  9349 | D:10     | Noticed Harold
  9398 | D:10     | Killed Harold
  9426 | D:10     | Noticed an elephant
  9431 | D:10     | Noticed Urug
  9462 | D:10     | Killed an elephant
  9463 | D:10     | Reached skill level 12 in Axes
  9463 | D:10     | Reached XP level 11. HP: 25/100 MP: 11/11
  9469 | D:10     | Killed Urug
  9648 | D:10     | Found a staircase to the Lair.
  9720 | D:10     | Found a white marble altar of Elyvilon.
  9750 | D:10     | Killed an unseen horror
 10108 | D:10     | Noticed a wizard
 10122 | D:10     | Killed a wizard
 10196 | D:10     | Noticed Maggie
 10241 | D:10     | Killed Maggie
 10633 | D:11     | Killed an unseen horror
 10668 | D:11     | Found a frozen archway.
 10739 | IceCv    | Entered an ice cave
 10773 | IceCv    | Reached skill level 13 in Axes
 10850 | IceCv    | Killed a reaper
 11103 | IceCv    | Got a pair of shimmering gloves
 11124 | IceCv    | Identified the +1 pair of gloves of Xom's Hatred {rF+} (You
                  | found it in an ice cave)
 11630 | IceCv    | Got heavily runed ice dragon scales
 11641 | IceCv    | Identified the +8 ice dragon scales of Light {rF- rC++
                  | Will+ Int+3} (You found it in an ice cave)
 11884 | D:11     | Noticed a brown ugly thing
 11901 | D:11     | Killed a brown ugly thing
 11946 | D:11     | Found a transporter.
 11949 | D:11     | Found a transporter.
 11949 | D:11     | Noticed Arthanis's ghost (journeyman DEFE)
 11981 | D:11     | Got a smoking scale mail
 11995 | D:11     | Reached XP level 12. HP: 47/112 MP: 12/12
 12461 | D:7      | Bought a scroll of acquirement for 780 gold pieces
 12462 | D:7      | Acquired a +0 war axe of electrocution
 12520 | D:5      | Found a shimmering blue altar of Sif Muna.
 12685 | D:11     | Killed Arthanis's ghost
 12686 | D:11     | Reached skill level 10 in Armour
 12686 | D:11     | Reached skill level 10 in Dodging
 12847 | D:12     | Noticed Fannar
 12865 | D:12     | Killed Fannar
 12884 | D:12     | Identified the cursed +1 scale mail of Sif Muna's Supremacy
                  | {rPois rCorr Int+4 Dex-2} (You found it on level 11 of the
                  | Dungeon)
 12920 | D:12     | Acquired a +0 executioner's axe of venom
 12994 | Lair:1   | Entered Level 1 of the Lair of Beasts
 13014 | Lair:1   | Noticed an eight-headed hydra
 13028 | Lair:1   | Killed an eight-headed hydra
 13029 | Lair:1   | Reached skill level 14 in Axes
 13085 | Lair:1   | Noticed a seven-headed hydra
 13102 | Lair:1   | Killed a seven-headed hydra
 14316 | Lair:2   | Got a masterwork trident
 14421 | Lair:2   | Noticed a queen ant
 14433 | Lair:2   | Killed a queen ant
 14448 | Lair:2   | Reached skill level 15 in Axes
 14448 | Lair:2   | Reached XP level 13. HP: 72/122 MP: 13/13
 14912 | Lair:2   | Got a faintly glowing amber ring
 14923 | Lair:2   | Identified the ring of Demons {Will+ Dex+4 Stlth+} (You
                  | found it on level 2 of the Lair of Beasts)
 15075 | Lair:3   | Reached skill level 1 in Evocations
 15138 | Lair:3   | Found a transporter.
 15155 | Lair:3   | Noticed Illot's ghost (adept MfTm)
 15273 | Lair:3   | Found a transporter.
 15410 | Lair:3   | Reached skill level 10 in Fighting
 16051 | Lair:4   | Reached **** piety under Trog
 16088 | Lair:4   | Found a staircase to the Shoals.
 16097 | Lair:4   | Reached skill level 5 in Evocations
 16278 | Lair:4   | Found a hole to the Spider Nest.
 16711 | Lair:4   | Acquired the ring of Okawaru's Outrage {Fire Dex+3 Slay+3}
 17498 | Lair:5   | Gained mutation: You resist negative energy. (rN+) [Deep
                  | Dwarf growth]
 17498 | Lair:5   | Reached XP level 14. HP: 99/133 MP: 14/14
 17749 | Lair:6   | Entered Level 6 of the Lair of Beasts
 18007 | Lair:6   | Reached skill level 16 in Axes
 19043 | Lair:6   | Reached ***** piety under Trog
 19316 | Lair:5   | Found a staircase to the Slime Pits.
 19545 | Lair:3   | Killed Illot's ghost
 19725 | D:7      | Bought a smoking plate armour for 840 gold pieces
 19735 | D:7      | Identified the cursed +0 plate armour "Daov" {Int+3} (You
                  | bought it in a shop on level 7 of the Dungeon)
 19784 | Orc:1    | Entered Level 1 of the Orcish Mines
 19801 | Orc:1    | Found Jicosu Tohowk's Armour Emporium.
 19804 | Orc:1    | Found Yvviad's Magic Scroll Boutique.
 19832 | Orc:1    | HP: 1/204 [orc knight/+1 halberd (27)]
 19837 | Orc:1    | Annihilated by an orc knight

Illustrated notes

Levels and vault maps discovered:
D:1:      minmay_arrival_up_and_down, layout_basic, okawaru_ov_weapons_minmay
D:2:      minmay_razor_zed, layout_rooms, skrybe_limestone_x, bloody_makhleb
D:3:      layout_basic, gup_sewer_entry_spiral, minmay_starry_boxes
D:4:      layout_basic, minmay_fire_ice_demons, uniq_duvessa
D:5:      layout_basic, nicolae_overflow_hidden_temple, serial_undead,
          serial_undead_a, serial_undead_d, serial_undead_e, serial_undead_f,
          uniq_crazy_yiuf_cottage, uniq_ijyb, uniq_edmund
D:6:      layout_gridville, lemuel_crystal_altar, minmay_temple_entry_offerings,
          gammafunk_ghost_icy
D:7:      layout_cave_pools, serial_shops, shop, nicolae_shop_behind_doors,
          nicolae_shop_waterfront, kennysheep_little_box,
          nicolae_tso_swordbearing_angel
D:8:      layout_rooms, minmay_quadrilaterals
D:9:      layout_cave_pods, erik_orc_3
D:10:     layout_roguey, david_lair_generic, basic_altar, lightli_wizard_tower,
          uniq_urug, uniq_harold, uniq_maggie
D:11:     layout_long_grid, portal_ice_cave_entry_imps, gammafunk_ghost_hive
D:12:     layout_cave_pools, uniq_jorgrun, uniq_fannar
Temple:   eino_temple_rhombus
Lair:1:   layout_cave_pods
Lair:2:   statuecave_lemuel, layout_regular_city, minmay_another_anthill
Lair:3:   layout_regular_city, gammafunk_ghost_berserking_beasts,
          infiniplex_staircase_pool_2
Lair:4:   layout_regular_city, minmay_shoals_entry_lonely_mermaid,
          spider_nest_entry_rubble, nicolae_quartered_pool_little, st_stairs_12,
          minmay_lair_oklob_chamber, grunt_megastairs_4
Lair:5:   layout_regular_city, minmay_slime_entry_oklob_enclosed,
          disabler_island
Lair:6:   hangedman_lair_caniforms_friends, layout_loops_ring,
          guppyfry_lair_end_dragon, grunt_megastairs_5, serial_bayou_shore_a
Orc:1:    layout_caves, abandoned_shop, guppyfry_orc_lava_fort

Skill      XL: |  1  2  3  4  5  6  7  8  9 10 11 12 13 14 |
---------------+-------------------------------------------+-----
Fighting       | 3 4 5 6 7 8 9 10 11 | 11.7
Axes           | 4 5 6 7 8 10 12 13 15 16 | 16.6
Armour         | 3 4 5 6 7 8 9 11 12 13 | 13.4
Dodging        | 3 4 5 6 7 8 9 11 12 13 | 13.4
Evocations     | 5 |  5.0

Action                   |  1- 3 |  4- 6 |  7- 9 | 10-12 | 13-15 || total
-------------------------+-------+-------+-------+-------+-------++-------
Melee: Hand axe          |   163 |   355 |   696 |   430 |       ||  1644
       War axe           |       |       |       |   457 |   675 ||  1132
       Flail             |       |       |       |    21 |    47 ||    68
       Executioner's axe |       |       |       |       |    38 ||    38
Throw: Throwing net      |       |       |       |     1 |       ||     1
Invok: Trog's Hand       |     4 |    12 |    20 |    40 |    30 ||   106
       Berserk           |       |     3 |     3 |    11 |     5 ||    22
 Abil: Evoke Flight      |       |       |       |       |     2 ||     2
       Stop Flying       |       |       |       |       |     1 ||     1
Evoke: Wand              |       |       |       |       |     3 ||     3
  Use: Scroll            |     2 |     4 |    17 |    11 |    11 ||    45
       Potion            |       |     3 |       |     6 |     2 ||    11
 Stab: Sleeping          |       |     1 |     2 |       |       ||     3
       Held in net/web   |       |       |       |     1 |       ||     1
       Distracted        |       |       |       |       |     1 ||     1
Armor: Animal skin       |    25 |    45 |       |       |       ||    70
       Ring mail         |       |     9 |    22 |   106 |       ||   137
       Leather armour    |       |       |    93 |     9 |       ||   102
       Ice dragon scales |       |       |       |    29 |   149 ||   178
       Scale mail        |       |       |       |    54 |    75 ||   129
       Plate armour      |       |       |       |       |    22 ||    22
Dodge: Dodged            |   103 |   212 |   520 |   757 |   770 ||  2362
Block: Other             |     3 |    76 |   160 |   182 |   182 ||   603
       Reflection        |       |     3 |     8 |     8 |     1 ||    20

Table legend: (Time is in decaauts)
 A = Elapsed time spent in this place.
 B = Non-inter-level travel time spent in this place.
 C = Inter-level travel time spent in this place.
 D = Time resting spent in this place.
 E = Time spent auto-exploring this place.
 F = Levels seen in this place.
 G = Mean time per level.
                   A        B        C        D        E       F      G
               +--------+--------+--------+--------+--------+-----+--------+
         Total |  19784 |  18319 |   1465 |   2614 |  10406 |  22 |  899.3 |
       Dungeon |  11109 |  10247 |    862 |   1421 |   5864 |  12 |  925.8 |
        Temple |    154 |    134 |     20 |      0 |    132 |   1 |  154.0 |
          Lair |   6527 |   5945 |    582 |    484 |   3808 |   6 | 1087.8 |
  Orcish Mines |     38 |     38 |      0 |      0 |      6 |   1 |   38.0 |
         Sewer |    935 |    935 |      0 |    121 |    514 |   1 |  935.0 |
      Ice Cave |   1020 |   1020 |      0 |    588 |     81 |   1 | 1020.0 |
               +--------+--------+--------+--------+--------+-----+--------+

Top non-repeatable levels by time:
     D:5: 1744 daAuts
  Lair:6: 1458 daAuts
    D:10: 1438 daAuts
     D:9: 1147 daAuts
     D:4: 1125 daAuts
  Lair:2: 1119 daAuts
  Lair:1: 1083 daAuts
  Lair:4: 1068 daAuts
   IceCv: 1020 daAuts
     D:6: 1016 daAuts
    D:11: 972 daAuts
  Lair:3: 949 daAuts
   Sewer: 935 daAuts
  Lair:5: 848 daAuts
     D:2: 785 daAuts
